 Dungeon Crawl Stone Soup version 0.29-a0-775-g4d7333d4e2 (webtiles) character file.

Game seed: 15243458718918369466

126 Pooter the Shooter (level 4, -1/40 HPs)
             Began as a Minotaur Hunter on July 1, 2022.
             Slain by Crazy Yiuf
             ... wielding a +3 quarterstaff of chaos
              (4 damage)
             ... on level 2 of the Dungeon.
             The game lasted 00:10:16 (2125 turns).

Pooter the Shooter (Minotaur Hunter)                Turns: 2125, Time: 00:10:16

Health: -1/40      AC: 11    Str: 18    XL:     4   Next: 84%
Magic:  0/3        EV:  7    Int:  6    God:
Gold:   99         SH:  0    Dex: 13    Spells: 3/3 levels left

rFire   + . .      SeeInvis .   a - +0 flail
rCold   . . .      Faith    .   (no shield)
rNeg    . . .      Spirit   .   o - +2 chain mail {rF+}
rPois   .          Reflect  .   (helmet restricted)
rElec   .          Harm     .   p - +0 cloak
rCorr   .          Rampage  .   (no gloves)
Will    .....                   (no boots)
Stlth   ..........              (no amulet)
HPRegen 0.13/turn               (no ring)
MPRegen 0.08/turn               (no ring)

@: no status effects
A: horns 2, retaliatory headbutt
a: no special abilities


You were on level 2 of the Dungeon.
You visited 1 branch of the dungeon, and saw 2 of its levels.

You collected 99 gold pieces.

Inventory:

Hand Weapons
 a - a +0 flail (weapon)
   (You took it off Terence on level 2 of the Dungeon)
 b - a +0 shortbow
 k - a +0 rapier
   (You found it on level 2 of the Dungeon)
 m - a +0 spear
   (You found it on level 1 of the Dungeon)
 q - a +0 sling
   (You took it off a goblin on level 2 of the Dungeon)
Missiles
 Q - 26 stones (quivered)
Armour
 o - a +2 chain mail of fire resistance (worn)
   (You took it off Terence on level 2 of the Dungeon)
 p - a +0 cloak (worn)
   (You found it on level 2 of the Dungeon)
Jewellery
 g - a ring of fire
   (You found it on level 1 of the Dungeon)
Scrolls
 c - a scroll of blinking
 d - a scroll of immolation {!r}
 j - a scroll of noise {!r}
 l - a scroll of fear {unknown}
 n - a scroll of amnesia {unknown}
Potions
 e - a potion of heal wounds {unknown}
 f - 2 potions of degeneration {unknown}
 h - a potion of curing {unknown}
 i - 2 potions of might {unknown}
 r - a potion of lignification {unknown}
 s - a potion of brilliance {unknown}


   Skills:
 + Level 4.0 Fighting
 * Level 6.1 Ranged Weapons
 - Level 2.1 Dodging
 - Level 0.7 Stealth


You had 3 spell levels left.
You didn't know any spells.
Your spell library contained the following spells:

 Spells                   Type           Power      Damage    Failure   Level
 Summon Ice Beast         Ice/Summ       0%         N/A       100%        4
 Summon Mana Viper        Hex/Summ       0%         N/A       100%        5
 Monstrous Menagerie      Summ           0%         N/A       100%        7


Dungeon Overview and Level Annotations

Branches:
Dungeon (2/15)

Altars:

Annotations:
D:2 Crazy Yiuf


Innate Abilities, Weirdness & Mutations

You have a pair of horns on your head.
You reflexively headbutt those who attack you in melee.


Message History

A bat comes into view.
You shoot an arrow. The arrow completely misses the bat.
The bat hits you but does no damage. The bat barely misses you.
You furiously retaliate!
You headbutt the bat!
You kill the bat!
Here: Crazy Yiuf, wielding a +3 quarterstaff of chaos and wearing a +0 cloak (fire blocked by a runed translucent door)
The floor.
Unknown command.
a - a +0 flail (weapon)
Crazy Yiuf grits, "Leather leg light!"
Okay, then.
You open the door. You sock Crazy Yiuf!
Crazy Yiuf hits you with a +3 quarterstaff of chaos.
You hit Crazy Yiuf. Crazy Yiuf barely misses you.
Crazy Yiuf hits you with a +3 quarterstaff of chaos.
You are slowing down.
You hit Crazy Yiuf but do no damage. Crazy Yiuf hits you but does no damage.
You are confused.
Crazy Yiuf hits you with a +3 quarterstaff of chaos!
Crazy Yiuf freezes you.
You have turned to stone.
Crazy Yiuf hits you with a +3 quarterstaff of chaos.
You resist with some effort.
Crazy Yiuf says, "Aardvark toodlewoodle arm!"
Crazy Yiuf hits you but does no damage.
Crazy Yiuf hits you with a +3 quarterstaff of chaos.
Crazy Yiuf freezes you.
You feel less confused.
Crazy Yiuf hits you with a +3 quarterstaff of chaos.
You are electrocuted!
* * * LOW HITPOINT WARNING * * *
Crazy Yiuf hits you but does no damage.
Crazy Yiuf hits you with a +3 quarterstaff of chaos!
* * * LOW HITPOINT WARNING * * *
Crazy Yiuf hits you with a +3 quarterstaff of chaos.
* * * LOW HITPOINT WARNING * * *
You resist with some effort.
Crazy Yiuf grits, "Aardvark!
Goober tired chair."
Crazy Yiuf hits you with a +3 quarterstaff of chaos.
* * * LOW HITPOINT WARNING * * *
You feel your power leaking away.
You turn to flesh and can move again.
You hit Crazy Yiuf but do no damage.
Crazy Yiuf hits you with a +3 quarterstaff of chaos!
* * * LOW HITPOINT WARNING * * *
You feel your power leaking away.
* * * LOW MAGIC WARNING * * *
You hit Crazy Yiuf but do no damage.
Crazy Yiuf hits you with a +3 quarterstaff of chaos.
You die...

#.# #....# #.#
#....# ##.####
#....# ##.....#
##...# #<###.##
##.## #.# #..#
##.# #.###..#
#.##
#####.[..#.#
##.#
......#..#.#
#@##
.#.##....#.# #g#
......#....# ...
.#.##......#
#...#
..####.##..#
#)..# #.#
##.##..# #####
#.###.#.##.#
#.##.###.#.#####
####
####..#.##.....#
#..#


You could see Crazy Yiuf.

Vanquished Creatures
  Terence (D:2)
  3 adders (D:2)
  2 worms (D:2)
  3 dart slugs
  5 bats
  5 endoplasms
  6 giant cockroaches
  5 goblins
  4 hobgoblins
  5 jackals (D:1)
  2 kobolds (D:1)
  A quokka (D:2)
  8 ball pythons
  4 frilled lizards
  5 rats
59 creatures vanquished.

Notes
Turn   | Place    | Note
-------+----------+-------------------------------------------
     0 | D:1      | Pooter the Minotaur Hunter began the quest for the Orb.
     0 | D:1      | Reached XP level 1. HP: 18/18 MP: 0/0
   360 | D:1      | Reached XP level 2. HP: 25/25 MP: 1/1
   384 | D:1      | Reached skill level 5 in Ranged Weapons
   591 | D:1      | Reached XP level 3. HP: 31/31 MP: 2/2
  1284 | D:2      | Found a runed translucent door.
  1285 | D:2      | Noticed Crazy Yiuf
  1402 | D:2      | Reached XP level 4. HP: 38/38 MP: 3/3
  1515 | D:2      | Found a faded altar of an unknown god.
  1589 | D:2      | Noticed Terence
  1599 | D:2      | Killed Terence
  1600 | D:2      | Reached skill level 6 in Ranged Weapons
  2125 | D:2      | Slain by Crazy Yiuf

Illustrated notes

Levels and vault maps discovered:
D:1:      dpeg_arrival_three_same_balls, layout_basic, st_stairs_8
D:2:      layout_loops_ring, hellmonk_ecumenical_altar_zigzags, uniq_terence,
          uniq_crazy_yiuf_cottage

Skill      XL: |  1  2  3  4 |
---------------+-------------+-----
Fighting       | 3 4 |  4.0
Ranged Weapons | 5 6 |  6.1
Dodging        | |  2.1
Stealth        | |  0.7

Action                   |  1- 3 |  4- 6 || total
-------------------------+-------+-------++-------
Melee: Spear             |    40 |     5 ||    45
       Headbutt          |     7 |     3 ||    10
       Flail             |       |     9 ||     9
       Rapier            |       |     4 ||     4
 Fire: Shortbow          |    77 |    50 ||   127
  Use: Scroll            |     2 |       ||     2
Armor: Leather armour    |    12 |       ||    12
       Ring mail         |    11 |     1 ||    12
       Chain mail        |       |    14 ||    14
       Scale mail        |       |     4 ||     4
Dodge: Dodged            |    33 |    14 ||    47

Table legend: (Time is in decaauts)
 A = Elapsed time spent in this place.
 B = Non-inter-level travel time spent in this place.
 C = Inter-level travel time spent in this place.
 D = Time resting spent in this place.
 E = Time spent auto-exploring this place.
 F = Levels seen in this place.
 G = Mean time per level.
                   A        B        C        D        E       F      G
               +--------+--------+--------+--------+--------+-----+--------+
         Total |   2167 |   2155 |     12 |    442 |   1190 |   2 | 1083.5 |
       Dungeon |   2167 |   2155 |     12 |    442 |   1190 |   2 | 1083.5 |
               +--------+--------+--------+--------+--------+-----+--------+

Top non-repeatable levels by time:
     D:2: 1249 daAuts
     D:1: 918 daAuts
